Map: Ruby Rock LE

Players

Geralt (Gerald)

  • Race: Zerg Zerg
  • League: Grandmaster
  • Spawn Location: 5:00

HitEdgy - Winner!

  • Race: Terran Terran
  • League: Grandmaster
  • Spawn Location: 11:00

VOD

Have the link to the VOD?

Description

Time

  • Played on: Feb. 19, 2026, 5:53 p.m.
  • Length: 6:39
Show
View Real Time Build Order
Export as new Build Order

Geralt Zerg 

Build Orders: Pool First 

Get SALT Encoding   

  12  0:02  Drone  
  13  0:13  Overlord  
  13  0:16  Drone  
  14  0:31  Drone  
  14  0:32  Drone  
  16  0:36  Drone  
  16  0:41  Extractor  
  16  0:48  Drone  
  17  0:52  Spawning Pool  
  17  0:56  Drone  
  17  1:08  Drone  
  18  1:18  Drone  
  18  1:22  Hatchery  
  18  1:38  Queen  
  18  1:39  Zergling x4  
  22  1:49  Overlord  
  22  1:55  Metabolic Boost  
  22  2:13  Hatchery  
  21  2:18  Zergling x4  
  21  2:22  Zergling x2  
  24  2:34  Queen  
  24  2:36  Zergling x4  
  28  2:48  Zergling x2  
  28  2:49  Zergling x2  
  30  3:02  Drone x2  
  30  3:03  Drone  
  33  3:09  Overlord  
  33  3:19  Queen  
  35  3:24  Queen  
  35  3:26  Zergling x2  
  36  3:42  Zergling x4  
  37  3:52  Baneling Nest  
  37  3:54  Queen  
  38  3:57  Zergling x2  
  29  4:29  Queen  
  31  4:39  Spine Crawler  
  26  5:18  Spawning Pool  
  15  5:29  Drone x5  
  20  6:13  Zergling x8  
  20  6:14  Zergling x8  
Show
View Real Time Build Order
Export as new Build Order

HitEdgy Terran - Winner!

Build Orders: Hellion Opening 

Get SALT Encoding   

  12  0:00  SCV  
  13  0:12  SCV  
  14  0:19  Supply Depot  
  14  0:24  SCV  
  15  0:31  Refinery  
  15  0:43  Barracks  
  15  0:47  SCV  
  16  1:00  SCV, Refinery  
  17  1:12  SCV  
  18  1:24  SCV  
  19  1:31  Factory  
  19  1:37  Orbital Command  
  19  1:39  Barracks Reactor  
  19  1:46  Supply Depot  
  19  1:55  Supply Depot  
  19  2:02  SCV  
  20  2:20  Hellion  
  20  2:21  Hellion  
  24  2:24  Ghost Academy  
  24  2:29  SCV  
  25  2:30  Barracks Tech Lab  
  25  2:42  Hellion x2  
  29  2:53  Ghost  
  29  2:58  Armory  
  31  3:03  Hellion  
  33  3:07  Hellion  
  35  3:23  Ghost  
  35  3:25  Hellion  
  39  3:31  Hellion  
  41  3:46  Hellion  
  43  3:51  Ghost  
  41  4:16  Hellion  
  41  4:17  Hellion  
  41  4:25  Ghost  
  41  4:38  Hellion x2  
  45  4:59  Hellion  
  47  5:01  Hellion  
  47  5:03  Ghost  
  41  5:21  Hellion  
  37  5:23  Hellion  
  37  5:31  Ghost  
  39  5:42  Hellion  
  41  5:44  Hellion  
  41  5:47  Supply Depot  
  43  6:01  Ghost  
  43  6:03  Hellion  
  47  6:09  Hellion  
Tags
 
Add a new tag
Caveats
  • Supply blocks, unpowered buildings, or Contaminate may cause inaccurate times.
  • Supply counts are checked every 10 seconds.